 Dungeon Crawl Stone Soup version 0.18.1-50-g88ac8fd (webtiles) character file.

3926 krautman the Ducker (level 10, -12/70 HPs)
             Began as a Vine Stalker Berserker on Oct 24, 2016.
             Was an Elder of Trog.
             Mangled by an eight-headed hydra (14 damage)
             ... on level 1 of the Lair of Beasts on Oct 31, 2016.
             The game lasted 00:42:36 (3629 turns).

krautman the Ducker (Vine Stalker Berserker)        Turns: 3629, Time: 00:42:36

Health: -12/70     AC:  8    Str: 26    XL:     10   Next: 20%
Magic:  0/10       EV: 23    Int:  8    God:    Trog [****..]
Gold:   251        SH:  0    Dex: 15    Spells: 0 memorised, 9 levels left

rFire  . . .     SeeInvis .     p - +1 halberd (holy)
rCold  . . .     Gourm    .     r - +1 ring mail {MR+}
rNeg   . . .     Faith    .     (shield currently unavailable)
rPois  +         Spirit   +     (helmet restricted)
rElec  .         Dismiss  .     (no cloak)
rCorr  .         Reflect  .     (no gloves)
SustAt .         Harm     .     h - +0 pair of boots
MR     ++...     Clarity  +     (no amulet)
Stlth  ..........               s - ring of poison resistance
                                F - ring of Shaolin {EV+8}

@: berserking, very quick, very resistant to hostile enchantments, extremely
unstealthy
A: antennae 1, fangs 3, clarity, frail 1, low mp 1, regeneration 2, magic
shield, antimagic bite, no device heal 3, rot immunity
a: Berserk, Trog's Hand, Brothers in Arms, Burn Spellbooks, Renounce Religion


You were on level 1 of the Lair of Beasts.
You worshipped Trog.
Trog was greatly pleased with you.
You were very hungry.

You visited 3 branches of the dungeon, and saw 11 of its levels.

You collected 251 gold pieces.

Inventory:

Hand Weapons
 a - a +0 falchion
 c - a +2 trident of venom
 e - a +2 vampiric dagger
 i - a +1 halberd of protection
 l - a +0 scythe
 p - a +1 halberd of holy wrath (weapon)
 q - a +1 flail of holy wrath
 w - a +0 war axe of electrocution
 x - a +2 dagger of pain
 A - a +3 dagger of chaos
Missiles
 d - 69 stones (quivered)
 y - 7 tomahawks of returning
Armour
 b - a +0 animal skin
 g - a +0 scale mail
 h - a +0 pair of boots (worn)
 m - a +0 robe
 r - a +1 ring mail of magic resistance (worn)
 E - a +0 scale mail of fire resistance
Jewellery
 f - an uncursed amulet of guardian spirit
 k - an uncursed ring of protection from cold
 s - a ring of poison resistance (right hand)
 v - an uncursed ring of protection from magic
 B - a cursed ring of loudness
 F - the ring of Shaolin (left hand) {EV+8}
   (You found it on level 9 of the Dungeon)

   [ring of evasion]

   It affects your evasion (+8).
Wands
 z - a wand of polymorph (24/24)
Potions
 j - a potion of cure mutation {unknown}
 n - 2 potions of might
 t - a potion of agility
 C - a potion of flight
Comestibles
 o - a meat ration
 u - 4 bread rations


   Skills:
 + Level 6.6 Fighting
 + Level 3.9 Long Blades
 + Level 5.8 Polearms
 + Level 0.5 Throwing
 + Level 5.4 Armour
 + Level 7.1 Dodging
 + Level 1.1 Stealth


You had 9 spell levels left.
You didn't know any spells.

Dungeon Overview and Level Annotations

Branches:
Dungeon (9/15)             Temple (1/1) D:4            Lair (1/8) D:9
    Orc (0/2) D:9

Altars:
Ashenzari
Dithmenos
Fedhas
Gozag
Kikubaaqudgha
Makhleb
Nemelex Xobeh
Pakellas
Qazlal
Ru
Sif Muna
Trog
Xom
Yredelemnul
Zin
The Shining One

Shops:
D:8 }


Innate Abilities, Weirdness & Mutations

You have razor-sharp teeth.
You heal very quickly.
When hurt, damage is shared between your health and your magic reserves.
Your bite disrupts and absorbs the magic of your enemies.
Potions and wands cannot restore your health.
You are immune to rotting.
You have a pair of small antennae on your head.
You possess an exceptional clarity of mind.
You are frail (-10% HP).
Your magical capacity is low (-10% MP).


Message History

The eight-headed hydra completely misses you.
The eight-headed hydra bites you. x2
The eight-headed hydra bites you but does no damage.
The eight-headed hydra barely misses you.
The eight-headed hydra bites you.
The eight-headed hydra completely misses you.
The eight-headed hydra closely misses you.
The eight-headed hydra misses you. The eight-headed hydra bites you.
A red film seems to cover your vision as you go berserk!
You feel yourself moving faster!
You feel mighty!
You are feeling very hungry.
The eight-headed hydra completely misses you.
The eight-headed hydra bites you!
* * * LOW HITPOINT WARNING * * *
The eight-headed hydra closely misses you. x2
The eight-headed hydra bites you!
* * * LOW HITPOINT WARNING * * *
The eight-headed hydra bites you but does no damage.
The eight-headed hydra bites you!
You die...

####### ###
####P##.P####.##########
.....(..................
#####...........@D...#
#.....###.###....#
#####.....###.# #......
...##...l.+.P.. ......
...........P....# .[##.
..###.....##....# ..#
..........####..# ...#
#####.....#####.##...#
#................##


You could see an eight-headed hydra.

Vanquished Creatures
  Psyche (D:8)
  A spiny frog (Lair:1)
  Grinder (D:6)
  Sigmund (D:4)
  A spriggan (D:7)
  A yak (D:9)
  A hippogriff (Lair:1)
  A hungry ghost (D:9)
  2 wargs (D:9)
  A porcupine (Lair:1)
  4 phantoms
  An orc warrior (D:6)
  A necrophage (D:9)
  A centaur (D:6)
  4 giant frogs
  A gnoll sergeant (D:6)
  2 scorpions
  A troll zombie (D:9)
  5 howler monkeys
  A giant frog zombie (D:7)
  2 hounds
  3 orc priests
  9 orc wizards
  An iguana (Lair:1)
  3 worker ants
  4 ogre zombies (D:9)
  A howler monkey zombie (D:8)
  6 gnolls
  8 adders
  2 shadow imps
  An ooze (D:4)
  An adder skeleton (D:4)
  2 adder zombies (D:7)
  A dart slug (D:1)
  2 giant geckos (D:5)
  18 orcs
  2 giant cockroaches
  A hobgoblin (D:3)
  4 jackals (D:3)
  2 quokkas (D:8)
  3 ball pythons
  3 bats
  A giant cockroach zombie (D:6)
  2 goblin zombies (D:9)
  2 hobgoblin skeletons (D:9)
  2 hobgoblin zombies (D:9)
  4 kobolds
  2 orc skeletons (D:9)
  10 orc zombies (D:9)
  A quokka zombie (D:9)
  2 rats
137 creatures vanquished.

Vanquished Creatures (others)
  An orc wizard (D:8)
1 creature vanquished.

Grand Total: 138 creatures vanquished

Notes
Turn   | Place    | Note
--------------------------------------------------------------
     0 | D:1      | krautman the Vine Stalker Berserker began the quest for the Orb.
     0 | D:1      | Reached XP level 1. HP: 11/11 MP: 2/2
   131 | D:2      | Reached XP level 2. HP: 15/16 MP: 1/3
   136 | D:2      | Found a basalt altar of Yredelemnul.
   319 | D:3      | Reached XP level 3. HP: 17/20 MP: 4/4
   340 | D:3      | Reached ** piety under Trog
   579 | D:3      | Reached skill level 2 in Dodging
   582 | D:3      | Reached XP level 4. HP: 8/24 MP: 0/5
   731 | D:4      | Found a sacrificial altar of Ru.
   795 | D:4      | Noticed Sigmund
   808 | D:4      | Killed Sigmund
   808 | D:4      | Reached XP level 5. HP: 29/29 MP: 6/6
   808 | D:4      | Gained mutation: You heal very quickly. [Vine Stalker growth]
   808 | D:4      | Reached XP level 6. HP: 33/33 MP: 7/7
   879 | D:4      | Reached skill level 3 in Dodging
   930 | D:4      | Found a glowing silver altar of Zin.
  1032 | D:4      | Found a staircase to the Ecumenical Temple.
  1045 | Temple   | Entered the Ecumenical Temple
  1528 | D:5      | Entered Level 5 of the Dungeon
  1541 | D:5      | Reached skill level 1 in Polearms
  1614 | D:5      | Gained mutation: Your mind is acute. (Int +2) [potion of mutation]
  1614 | D:5      | Gained mutation: Your magical capacity is low (-10% MP). [potion of mutation]
  1614 | D:5      | Gained mutation: You possess an exceptional clarity of mind. [potion of mutation]
  1630 | D:6      | Noticed an orc warrior
  1640 | D:6      | Killed an orc warrior
  1640 | D:6      | Reached XP level 7. HP: 37/37 MP: 3/7
  1673 | D:6      | Gained mutation: You have a pair of small antennae on your head. [potion of mutation]
  1673 | D:6      | Gained mutation: You are frail (-10% HP). [potion of mutation]
  1673 | D:6      | Lost mutation: Your mind is acute. (Int +2) [potion of mutation]
  1764 | D:6      | Noticed Grinder
  1784 | D:6      | Killed Grinder
  1784 | D:6      | Reached skill level 4 in Dodging
  1784 | D:6      | Gained mutation: You have razor-sharp teeth. [Vine Stalker growth]
  1784 | D:6      | Reached XP level 8. HP: 15/37 MP: 8/8
  1819 | D:6      | Reached *** piety under Trog
  1852 | D:7      | Reached skill level 5 in Fighting
  2012 | D:7      | Found an opulent altar of Gozag.
  2422 | D:7      | Noticed a spriggan baker
  2433 | D:7      | Killed a spriggan baker
  2488 | D:8      | Found a bloodstained altar of Trog.
  2596 | D:8      | Noticed Psyche
  2602 | D:8      | Killed Psyche
  2602 | D:8      | Reached skill level 5 in Dodging
  2602 | D:8      | Reached skill level 1 in Stealth
  2602 | D:8      | Reached XP level 9. HP: 32/42 MP: 9/9
  2789 | D:8      | Found a shattered altar of Ashenzari.
  2939 | D:8      | Found Muj Obru's Gadget Shop.
  3104 | D:9      | Found a staircase to the Orcish Mines.
  3129 | D:9      | Reached skill level 5 in Armour
  3172 | D:9      | Reached skill level 6 in Dodging
  3197 | D:9      | Reached **** piety under Trog
  3221 | D:9      | Reached skill level 5 in Polearms
  3386 | D:9      | Found a staircase to the Lair.
  3405 | Lair:1   | Entered Level 1 of the Lair of Beasts
  3473 | Lair:1   | Noticed a spiny frog
  3478 | Lair:1   | Reached XP level 10. HP: 47/47 MP: 8/10
  3485 | Lair:1   | Killed a spiny frog
  3485 | Lair:1   | Reached skill level 7 in Dodging
  3487 | Lair:1   | Received a gift from Trog
  3624 | Lair:1   | Noticed a seven-headed hydra
  3629 | Lair:1   | HP: 2/70 [eight-headed hydra (12)]
  3629 | Lair:1   | Mangled by an eight-headed hydra

Skill      XL: |  1  2  3  4  5  6  7  8  9 10 |
---------------+-------------------------------+-----
Fighting       | 3 4 5 6 |  6.6
Long Blades    | 3 |  3.9
Dodging        | 2 3 4 5 6 7 |  7.1
Armour         | 2 3 4 5 |  5.4
Polearms       | 1 2 4 5 |  5.8
Stealth        | 1 |  1.1
Throwing       | |  0.5

Action                   |  1- 3 |  4- 6 |  7- 9 | 10-12 || total
-------------------------+-------+-------+-------+-------++-------
Melee: Falchion          |    54 |       |       |       ||    54
       Bite              |    16 |    30 |   108 |    10 ||   164
       Halberd           |       |    86 |   326 |    24 ||   436
Throw: Stone             |     1 |     7 |     3 |       ||    11
Invok: Berserk           |     1 |     4 |     4 |     1 ||    10
  Use: Potion            |     2 |     4 |     1 |       ||     7
       Scroll            |       |     2 |     9 |     1 ||    12
  Eat: Chunk             |       |     2 |       |       ||     2
       Bread ration      |       |     1 |     1 |       ||     2
       Pizza             |       |       |     1 |       ||     1
       Meat ration       |       |       |     2 |       ||     2
Armor: Animal skin       |     5 |       |       |       ||     5
       Scale mail        |    28 |    64 |     2 |       ||    94
       Ring mail         |       |       |   129 |    11 ||   140
Dodge: Dodged            |    49 |    69 |   340 |    63 ||   521
